 Dungeon Crawl Stone Soup version 0.24-a0-114-g5d539f0 (console) character file.

Game seed: 14990708414003114338

128 Voker57 the Slasher (level 4, -3/51 HPs)
             Began as a Demonspawn Gladiator on Feb 15, 2019.
             Slain by a gnoll
             ... wielding a +0 halberd
              (13 damage)
             ... on level 3 of the Dungeon.
             The game lasted 00:03:43 (2368 turns).

Voker57 the Slasher (Demonspawn Gladiator)          Turns: 2368, Time: 00:03:44

Health: -3/51      AC:  3    Str: 19    XL:     4   Next: 86%
Magic:  4/4        EV: 19    Int: 10    God:
Gold:   136        SH:  0    Dex: 20    Spells: 3/3 levels left

rFire    . . .     SeeInvis .   a - +0 long sword
rCold    + . .     Gourm    .   (no shield)
rNeg     . . .     Faith    .   k - +0 leather armour
rPois    .         Spirit   .   (helmet restricted)
rElec    .         Reflect  .   (no cloak)
rCorr    .         Harm     .   (no gloves)
MR       .....                  (no boots)
Stlth    ..........             (no amulet)
HPRegen  0.17/turn              n - ring of protection from cold
MPRegen  0.09/turn              (no ring)

@: agile, berserking (expiring), very quick
A: antennae 1, nightstalker 1, powered by pain 1
a: no special abilities


You were on level 3 of the Dungeon.
You were not hungry.

You visited 1 branch of the dungeon, and saw 3 of its levels.

You collected 136 gold pieces.

Inventory:

Hand Weapons
 a - a +0 long sword (weapon)
 b - a +0 dagger
Missiles
 d - 2 throwing nets (quivered)
Armour
 c - a +0 helmet
 k - a +0 leather armour (worn)
Jewellery
 i - an uncursed ring of positive energy {unknown}
 n - a ring of protection from cold (left hand)
Wands
 m - a wand of iceblast (6)
Scrolls
 e - 2 scrolls of teleportation
 g - a scroll of noise {unknown}
 h - 5 scrolls of identify
 o - a scroll of random uselessness {unknown}
Potions
 l - 2 potions of mutation {unknown}
Comestibles
 f - 3 rations


   Skills:
 + Level 2.8 Fighting
 * Level 3.9 Long Blades
 - Level 1.7 Throwing
 + Level 3.3 Dodging
 + Level 1.5 Stealth


You had 3 spell levels left.
You didn't know any spells.
Your spell library was empty.

Dungeon Overview and Level Annotations

Branches:
Dungeon (3/15)

Altars:


Innate Abilities, Weirdness & Mutations

You have a pair of small antennae on your head.
You are slightly more attuned to the shadows.
You sometimes gain a little power by taking damage.


Message History

The gnoll barely misses you.
You closely miss the gnoll.
The gnoll is almost dead.
The gnoll barely misses you.
You riposte.
You slash the gnoll!
You kill the gnoll!
The gnoll completely misses you.
You completely miss the gnoll. The gnoll closely misses you.
You slash the gnoll!
The gnoll is almost dead.
The gnoll completely misses you. The gnoll closely misses you.
You barely miss the gnoll.
The gnoll is severely wounded.
The gnoll closely misses you.
You barely miss the gnoll.
The gnoll is severely wounded.
The gnoll completely misses you.
You closely miss the gnoll.
The gnoll is severely wounded.
The gnoll misses you. The gnoll hits you with a +0 halberd!
You die...

###.#.###.# #.# #.
...........# #.# #.
####.##.##.# #.# #.
#.##.##.# #.# #.
#.##.##.# #.# #.
.##.##.###.# #.
###.##.##...#.# #.
#.###.g.##.##.#.#.#
#.
#..<.)g..?........#
#. #@####.#......#
#. #.# #.##....##
#. #.####.##.#.##
#. #.##........# #.
#.##.#.#...######.
#.................
####.#...#.##..###
#.....#.##..###
#.#......†.....
#.##.##.##..###


You could see 2 gnolls.

Vanquished Creatures
  A hound zombie (D:2)
  A gnoll (D:3)
  4 adders
  3 worms (D:2)
  A dart slug (D:1)
  4 leopard geckos
  An orc (D:3)
  9 bats
  3 giant cockroaches (D:2)
  7 goblins
  4 hobgoblins
  3 jackals (D:1)
  3 frilled lizards
  4 kobolds
  9 rats
57 creatures vanquished.

Notes
Turn   | Place    | Note
-------+----------+-------------------------------------------
     0 | D:1      | Voker57 the Demonspawn Gladiator began the quest for the
                  | Orb.
     0 | D:1      | Reached XP level 1. HP: 16/16 MP: 1/1
   102 | D:1      | Gained mutation: You are slightly more attuned to the
                  | shadows. [demonic ancestry]
   102 | D:1      | Reached XP level 2. HP: 21/22 MP: 2/2
   869 | D:2      | Gained mutation: You have a pair of small antennae on your
                  | head. [demonic ancestry]
   869 | D:2      | Reached XP level 3. HP: 24/28 MP: 3/3
  1058 | D:2      | Reached skill level 1 in Stealth
  1224 | D:2      | Gained mutation: You sometimes gain a little power by
                  | taking damage. [demonic ancestry]
  1224 | D:2      | Reached XP level 4. HP: 19/34 MP: 4/4
  2116 | D:3      | Noticed an ogre
  2116 | D:3      | Noticed a centaur
  2368 | D:3      | Slain by a gnoll

Levels and vault maps discovered:
D:1:      minmay_arrival_four_loops, layout_rooms, st_stairs_10,
          serial_bayou_pond_c, minmay_hexomino_p4
D:2:      layout_rooms, serial_glass, glass_columns_a, glass_columns_b,
          glass_columns_b, glass_columns_c, glass_columns_c, glass_columns_b,
          due_unseen_surprise, feat_on_display, feat_on_display, first_ration,
          minmay_misc_feat_pillars, uniq_crazy_yiuf_cottage
D:3:      layout_loops_ring, lightli_corner_chamber

Skill      XL: |  1  2  3 |
---------------+----------+-----
Long Blades    | 3 |  3.9
Dodging        | 3 |  3.3
Stealth        | 1 |  1.5
Fighting       | |  2.8
Throwing       | |  1.7

Action                   |  1- 3 |  4- 6 || total
-------------------------+-------+-------++-------
Melee: Long sword        |    97 |    63 ||   160
Throw: Throwing net      |       |     1 ||     1
  Use: Scroll            |     5 |     1 ||     6
       Potion            |       |     3 ||     3
 Stab: Sleeping          |     4 |     4 ||     8
  Eat: Chunk             |     1 |     4 ||     5
Armor: Leather armour    |    36 |    14 ||    50
       Skin              |       |    12 ||    12
Dodge: Dodged            |    80 |    66 ||   146
       Rpst.: Long sword |    24 |    19 ||    43

Table legend:
 A = Non-vault XP
 B = Vault XP
 C = Vault XP percentage of total XP
 D = Non-vault monster count
 E = Vault monster count
 F = Vault count percentage of total count
                 A         B        C        D         E       F
            +---------+---------+-------+---------+---------+-------
      Total |     178 |       5 |   2.7 |      52 |       5 |   8.8
            +---------+---------+-------+---------+---------+-------
        D:1 |      25 |       5 |  16.7 |      14 |       5 |  26.3
        D:2 |     111 |       0 |   0.0 |      28 |       0 |   0.0
        D:3 |      42 |       0 |   0.0 |      10 |       0 |   0.0
            +---------+---------+-------+---------+---------+-------
